 Dungeon Crawl Stone Soup version 0.23.0-2-g0fe3ce5 (webtiles) character file.

Game seed: 10160782000298466772

417 Inarius the Ducker (level 6, -12/44 HPs)
             Began as a Merfolk Arcane Marksman on Feb 19, 2019.
             Killed from afar by Dowan (16 damage)
             ... with a stone arrow
             ... on level 4 of the Dungeon.
             The game lasted 00:09:41 (4137 turns).

Inarius the Ducker (Merfolk Arcane Marksman)        Turns: 4137, Time: 00:09:42

Health: -12/44     AC:  7    Str: 13 (16) XL:     6   Next: 92%
Magic:  7/7        EV: 12    Int: 10 (12) God:
Gold:   162        SH:  0    Dex: 13 (16) Spells: 6/7 levels left

rFire    . . .     SeeInvis .   t - +0 dagger (elec)
rCold    . . .     Gourm    .   (no shield)
rNeg     . . .     Faith    .   e - +0 ring mail
rPois    .         Spirit   .   i - +0 helmet
rElec    .         Reflect  .   v - +0 cloak
rCorr    .         Harm     .   (no gloves)
MR       .....                  (no boots)
Stlth    ++........             (no amulet)
HPRegen  0.14/turn              (no ring)
MPRegen  0.10/turn              (no ring)

@: mighty
A: change form in water, swift swim, stealthy swim
a: no special abilities


You were on level 4 of the Dungeon.
You were not hungry.

You visited 1 branch of the dungeon, and saw 4 of its levels.

You collected 162 gold pieces.

Inventory:

Hand Weapons
 a - a +1 dagger of draining
 j - a +1 dagger of venom
 t - a +0 dagger of electrocution (weapon)
Missiles
 c - 5 javelins
 k - a throwing net
 l - 142 stones (quivered)
Armour
 e - a +0 ring mail (worn)
 i - a +0 helmet (worn)
 v - a +0 cloak (worn)
Jewellery
 w - an uncursed amulet of rage {unknown}
 x - an uncursed amulet of faith {unknown}
Scrolls
 g - 2 scrolls of immolation
 h - a scroll of fog {unknown}
 n - a scroll of noise {unknown}
 o - a scroll of amnesia
 p - a scroll of random uselessness
 q - a scroll of teleportation {unknown}
 r - a scroll of remove curse {unknown}
 u - a scroll of magic mapping {unknown}
Potions
 d - a potion of might
 m - a potion of heal wounds {unknown}
Comestibles
 f - 9 rations
 s - 4 chunks of flesh


   Skills:
 + Level 2.3 Fighting
 + Level 3.2 Short Blades
 + Level 3.1 Throwing
 + Level 1.9 Armour
 + Level 3.8 Dodging
 * Level 3.6 Stealth
 + Level 1.2 Spellcasting
 - Level 3.4 Hexes


You had 6 spell levels left.
You knew the following spells:

 Your Spells              Type           Power        Failure   Level  Hunger
a - Corona                Hex            #......      17%         1    ##.....

Your spell library contained the following spells:

 Spells                   Type           Power        Failure   Level  Hunger
 Slow                     Hex            #.......     26%         2    ###....
 Inner Flame              Hex/Fire       #.......     71%         3    ####...
 Portal Projectile        Hex/Tloc       #.....       71%         3    ####...
 Cause Fear               Hex            #.........   86%         4    #####..
 Leda's Liquefaction      Hex/Erth       #.........   98%         4    #####..


Dungeon Overview and Level Annotations

Branches:
Dungeon (4/15)
 Temple: D:4-7

Altars:
Qazlal

Annotations:
D:4 Dowan


Message History

You closely miss the jackal.
The jackal is heavily wounded.
The jackal bites you.
* * * LOW HITPOINT WARNING * * *
You hit the jackal.
The jackal is almost dead.
The jackal bites you but does no damage.
Dowan shouts!
You puncture the jackal!
You kill the jackal!
Dowan seems to find hidden reserves of power!
It was a potion of degeneration.
There was something very wrong with that liquid.
You feel weakened.
You feel dopey.
You feel clumsy. Dowan gestures at you while chanting.
The stone arrow misses you.
The jackal bites you but does no damage.
Dowan gestures at you while chanting. The stone arrow hits you!
You die...

#.#..###....###.#
#...............#
............#####
###.######..#
###.######..#
............#
....######.### #########
#....).....e#####......S.
#.#######.#....@hr.......
# #.#.#####S#######
#.#.#####.#
#.#....##.#######
######.#.##รท.........#
..........#####.#####.#
........### #.# #########
#.# #.#


You could see Dowan, an adder, a quokka and a jackal.

Vanquished Creatures
  Duvessa (D:4)
  Crazy Yiuf (D:3)
  Terence (D:2)
  2 orc wizards
  3 worker ants
  Robin (D:2)
  An adder (D:2)
  A gnoll (D:1)
  An ooze (D:1)
  3 worms
  5 dart slugs
  4 leopard geckos
  An orc (D:3)
  A ball python (D:3)
  5 bats
  4 giant cockroaches
  15 goblins
  10 hobgoblins
  A jackal (D:4)
  3 quokkas
  8 frilled lizards
  9 kobolds
  10 rats
91 creatures vanquished.

Notes
Turn   | Place    | Note
-------+----------+-------------------------------------------
     0 | D:1      | Inarius the Merfolk Arcane Marksman began the quest for the
                  | Orb.
     0 | D:1      | Reached XP level 1. HP: 15/15 MP: 2/2
   156 | D:1      | Reached XP level 2. HP: 9/21 MP: 3/3
   484 | D:1      | Reached XP level 3. HP: 26/26 MP: 4/4
  1270 | D:2      | Reached skill level 1 in Stealth
  1300 | D:2      | Reached XP level 4. HP: 32/32 MP: 5/5
  1341 | D:2      | Noticed Robin
  1398 | D:2      | Reached skill level 1 in Short Blades
  1751 | D:2      | Killed Robin
  1930 | D:2      | Found a stormy altar of Qazlal.
  2237 | D:2      | Reached XP level 5. HP: 37/38 MP: 6/6
  2448 | D:2      | Noticed Terence
  2482 | D:2      | Killed Terence
  2482 | D:2      | Reached skill level 1 in Armour
  3116 | D:3      | Reached XP level 6. HP: 44/44 MP: 7/7
  3314 | D:3      | Found a runed translucent door.
  3315 | D:3      | Noticed Crazy Yiuf
  3867 | D:3      | Killed Crazy Yiuf
  4004 | D:4      | Noticed Duvessa
  4005 | D:4      | Noticed Dowan
  4131 | D:4      | Killed Duvessa
  4137 | D:4      | Killed from afar by Dowan

Skill      XL: |  1  2  3  4  5  6 |
---------------+-------------------+-----
Stealth        | 1 2 3 |  3.6
Dodging        | 3 |  3.8
Short Blades   | 1 2 3 |  3.2
Armour         | 1 |  1.9
Throwing       | 3 |  3.1
Fighting       | 2 |  2.3
Spellcasting   | |  1.2
Hexes          | |  3.4

Action                   |  1- 3 |  4- 6 || total
-------------------------+-------+-------++-------
Melee: Short sword       |    61 |    28 ||    89
       Unarmed           |     5 |       ||     5
       Dagger            |       |   179 ||   179
       Flail             |       |    12 ||    12
 Fire: Hunting sling     |       |     1 ||     1
Throw: Javelin           |     9 |     5 ||    14
       Stone             |    35 |    14 ||    49
       Throwing net      |       |     2 ||     2
 Cast: Corona            |     2 |       ||     2
  Use: Potion            |       |     3 ||     3
       Scroll            |       |     5 ||     5
 Stab: Sleeping          |       |     3 ||     3
  Eat: Chunk             |     1 |     9 ||    10
Armor: Ring mail         |    26 |    65 ||    91
       Skin              |       |     9 ||     9
Dodge: Dodged            |    33 |   132 ||   165
